AoeStats
← zisuku

Arena

512687491Analyzed
1v1 RM · 4d ago on Oct 10, 2026· 51m 36s· 2 players
Game mode
Random Map
Map size
Tiny (2 player)
Population
200
Speed
Normal
Resources
Standard
Victory
Conquest
Starting age
Dark Age
Ending age
Imperial Age
RankedLock teamsTeams togetherTeam positionsShared explorationLock speedFull tech treeHidden civsTurbo modeCheats
Victory
Defeat
🇿🇦 Maya · South Africa
1182
+18
vs
🇷🇴 Dravidians · Romania
1226
-18
Skudbox
0:28 Loom
9:42 Feudal Age
15:50 Castle Age
14:31 Fletching
14:42 Padded Archer Armor
14:31 Double-Bit Axe
16:07 Horse Collar
21:43 Ballistics
22:58 Fletching
24:50 Padded Archer Armor
32:55 Bodkin Arrow
33:15 Leather Archer Armor
41:17 Imperial Age
40:07 Leather Archer Armor
42:42 Conscription
42:39 Bracer
43:09 Ring Archer Armor
47:57 Elite Plumed Archer
zisuku
10:51 Feudal Age
14:32 Castle Age
12:35 Double-Bit Axe
12:48 Horse Collar
17:32 Town Watch
19:34 Loom
19:42 Man-at-Arms
21:19 Long Swordsman
22:55 Scale Mail Armor
23:06 Forging
25:35 Padded Archer Armor
25:31 Elite Skirmisher
33:54 Wheelbarrow
41:43 Imperial Age
39:25 Fletching
39:50 Leather Archer Armor
40:07 Bodkin Arrow
40:32 Bow Saw
46:41 Hand Cart
48:00 Ballistics
50:03 Leather Archer Armor
Connection lost

Rejoining the realm…

Still unreachable

The connection could not be restored.

Session expired

The server has moved on; the page needs a fresh start.